AoeStats
← Patoown

Arabia

509280804Analyzed
1v1 RM · 6d ago on Sep 26, 2026· 17m 11s· 2 players
Game mode
Random Map
Map size
Tiny (2 player)
Population
200
Speed
Normal
Resources
Standard
Victory
Conquest
Starting age
Dark Age
Ending age
Imperial Age
RankedLock teamsTeams togetherTeam positionsShared explorationLock speedFull tech treeHidden civsTurbo modeCheats
Victory
Defeat
🇦🇺 Varangians · Australia
766
+18
🇨🇱 Byzantines · Chile
817
-18
Sad Man
10:59 Feudal Age
11:42 Double-Bit Axe
11:57 Loom
12:35 Bloodlines
15:48 Scale Barding Armor
16:50 Forging
Patoown
2:53 Loom
6:57 Loom
9:53 Feudal Age
10:25 Double-Bit Axe
18:38 Castle Age
17:06 Stone Mining
17:07 Gold Mining
Connection lost

Rejoining the realm…

Still unreachable

The connection could not be restored.

Session expired

The server has moved on; the page needs a fresh start.